 Dungeon Crawl Stone Soup version 0.31.0-12-g77e489cdc1 (webtiles) character file.

Game seed: 7981302352020588017

63 ChadusMaximus the Caller (level 4, -2/30 HPs)
             Began as a Barachi Summoner on Mar 3, 2024.
             Killed by divine providence
             ... invoked by an orc priest
              (14 damage)
             ... on level 3 of the Dungeon.
             The game lasted 00:01:52 (1178 turns).

ChadusMaximus the Caller (Barachi Summoner)         Turns: 1178, Time: 00:01:53

Health: -2/30      AC:  2    Str:  9    XL:     4   Next: 10%
Magic:  0/8        EV: 12    Int: 18    God:
Gold:   52         SH:  0    Dex: 12    Spells: 3/9 levels left

rFire   . . .        e - +0 sling
rCold   . . .        (no shield)
rNeg    . . .        a - +0 robe
rPois   .            (no helmet)
rElec   .            (no cloak)
rCorr   .            (no gloves)
SInv    .            (no boots)
Will    .....        (no amulet)
Stlth   ++           (no ring)
HPRegen 0.25/turn    (no ring)
MPRegen 0.11/turn

%: no passive effects
@: inugami summoned, slow
A: amphibious, slowness 1, strong legs 1, +LOS
a: Hop


You were on level 3 of the Dungeon.
You visited 1 branch of the dungeon, and saw 3 of its levels.

You collected 52 gold pieces.

Inventory:

Hand Weapons
 c - a +0 dagger
 e - a +0 sling (weapon)
Missiles
 l - a throwing net
Armour
 a - a +0 robe (worn)
Wands
 n - a wand of flame (13)
Scrolls
 d - a scroll of fog {unknown}
 f - a scroll of teleportation {unknown}
 g - a scroll of poison {unknown}
 h - a scroll of silence {unknown}
 i - a scroll of torment {unknown}
 j - a scroll of vulnerability {unknown}
 m - a scroll of identify {unknown}
 o - a scroll of enchant weapon {unknown}
Potions
 b - a potion of magic
 k - a potion of heal wounds {unknown}


   Skills:
 - Level 2.1 Dodging
 - Level 1.7 Stealth
 + Level 3.0 Spellcasting
 * Level 6.1 Summonings


You had 3 spell levels left.
You knew the following spells:

 Your Spells              Type           Power      Damage    Failure   Level
a - Summon Small Mammal   Summ           96%        N/A       1%          1
b - Call Canine Familiar  Summ           24%        N/A       3%          3
c - Call Imp              Summ           48%        N/A       1%          2

Your spell library contained the following spells:

 Spells                   Type           Power      Damage    Failure   Level
 Apportation              Tloc           4%         N/A       16%         1
 Necrotise                Necr           8%         1d4       16%         1
 Sting                    Conj/Alch      8%         1d3       16%         1
 Summon Blazeheart Golem  Fire/Summ      13%        N/A       41%         4
 Summon Lightning Spire   Summ/Air       13%        N/A       41%         4


Dungeon Overview and Level Annotations

Branches:
Dungeon (3/15)

Altars:


Innate Abilities, Weirdness & Mutations

You are amphibious.
You cover ground slowly.
You can hop short distances.
You have an extended range of vision and can be seen from far away.


Message History

The orc wizard barely misses your inugami.
Your cerulean imp closely misses the orc wizard.
Unknown command.
You feel sick.
Your inugami hits the orc wizard!
The orc wizard points at your inugami and mumbles some strange words.
The magic dart hits your inugami!
Your cerulean imp closely misses the orc wizard.
Your inugami barely misses the orc wizard.
You feel sick.
The orc wizard barely misses your inugami.
The orc priest calls upon Beogh to heal the orc wizard.
The orc wizard is healed somewhat.
Your cerulean imp misses the orc wizard.
Your inugami hits the orc wizard.
Unknown command.
You feel sick.
You are no longer poisoned.
The orc wizard casts a spell at something.
Your inugami appears confused.
The orc priest calls upon Beogh to heal the orc wizard.
The orc wizard is healed somewhat.
Your cerulean imp hits the orc wizard from afar with a -2 spear.
Your inugami barely misses the orc wizard.
Casting: Call Imp (safe; 1% risk of failure)
Confirm with . or Enter, or press ? or * to list all spells.
You imbue your familiar with magical energy and its fangs glint viciously.
The orc wizard hits your inugami but does no damage.
The orc wizard drains your inugami.
Your cerulean imp hits the orc wizard but does no damage.
Your inugami hits your cerulean imp.
Your inugami hits the orc wizard but does no damage.
Your inugami barely misses the orc wizard.
The orc wizard points at your inugami and mumbles some strange words.
The magic dart hits your inugami!
Your cerulean imp misses the orc wizard.
Your inugami hits the orc wizard.
The orc wizard barely misses your inugami.
The orc priest calls down the wrath of Beogh upon something.
Beogh smites you!
You die...

###### #....# #....#
#....# #####....##
##.##...##@##
###...#####...##
#####...8.......8..#
......#...#####5..##
......##.## ##h##
###..###.# #o# #..#
#.# #o# +..# #.# #o#
#..# #.# #)#


You could see an orc priest, an orc wizard (ally target), an orc, a friendly
cerulean imp (summoned) and a friendly inugami (summoned, confused, drained).

Vanquished Creatures
  3 orcs (D:3)
  5 endoplasms
  A giant cockroach (D:1)
  2 goblins (D:1)
  4 hobgoblins (D:1)
  3 quokkas
  2 ball pythons (D:1)
  2 bats
  3 frilled lizards
  3 kobolds (D:1)
  6 rats
34 creatures vanquished.

Vanquished Creatures (collateral kills)
  2 adders (D:3)
  An orc (D:3)
  A goblin (D:3)
  A quokka (D:3)
  A rat (D:1)
6 creatures vanquished.

Grand Total: 40 creatures vanquished

Notes
Turn   | Place    | Note
-------+----------+-------------------------------------------
     0 | D:1      | ChadusMaximus the Barachi Summoner began the quest for the
                  | Orb.
     0 | D:1      | Reached XP level 1. HP: 13/13 MP: 3/3
    48 | D:1      | Reached skill level 5 in Summonings
   136 | D:1      | Reached XP level 2. HP: 19/19 MP: 5/5
   600 | D:1      | Reached XP level 3. HP: 14/24 MP: 7/7
   945 | D:3      | Learned a level 3 spell: Call Canine Familiar
   948 | D:3      | Learned a level 2 spell: Call Imp
  1064 | D:3      | Reached skill level 6 in Summonings
  1171 | D:3      | Reached XP level 4. HP: 15/30 MP: 2/8
  1178 | D:3      | Killed from afar by an orc priest

Illustrated notes

Levels and vault maps discovered:
D:1:      minmay_arrival_four_circles, layout_loops_ring, item_on_display_b
D:2:      wander_river, layout_basic, item_on_display_a, uniq_natasha
D:3:      minmay_goblin_kobold_castle, layout_rooms, minmay_strange_pillars,
          minmay_misc_feat_tower, minivault_25

Skill      XL: |  1  2  3 |
---------------+----------+-----
Summonings     | 5 6 |  6.1
Spellcasting   | 3 |  3.0
Dodging        | |  2.1
Stealth        | |  1.7

Action                     |  1- 3 |  4- 6 || total
---------------------------+-------+-------++-------
  Melee: Dagger            |    12 |       ||    12
         Unarmed           |     2 |       ||     2
         Punch             |     1 |       ||     1
   Fire: Sling             |   111 |       ||   111
   Cast: Summon Small Mamm |     2 |       ||     2
         Call Imp          |     3 |       ||     3
         Call Canine Famil |     2 |     1 ||     3
Ability: Hop               |     1 |       ||     1
 Armour: Robe              |    39 |       ||    39
  Dodge: Dodged            |    43 |       ||    43
